 Dungeon Crawl Stone Soup version 0.24.0-124-g2791043dd8 (webtiles) character file.

Game seed: 2334767597925651670, levelgen mode: deterministic

117 hazymike the Digger (level 5, 0/39 HPs)
             Began as a Barachi Earth Elementalist on Feb 14, 2020.
             Slain by a hobgoblin (2 damage)
             ... led by Robin
             ... on level 1 of the Dungeon.
             The game lasted 00:14:42 (3065 turns).

hazymike the Digger (Barachi Earth Elementalist)    Turns: 3065, Time: 00:14:42

Health: 0/39       AC:  3    Str: 10    XL:     5   Next: 1%
Magic:  9/9        EV: 12    Int: 15    God:
Gold:   81         SH:  0    Dex: 13    Spells: 7/10 levels left

rFire    . . .     SeeInvis .   a - +0 flail
rCold    . . .     Gourm    .   (no shield)
rNeg     . . .     Faith    .   e - +0 leather armour
rPois    .         Spirit   .   (no helmet)
rElec    .         Reflect  .   (no cloak)
rCorr    .         Harm     .   (no gloves)
MR       .....                  (no boots)
Stlth    ++........             (no amulet)
HPRegen  0.13/turn              (no ring)
MPRegen  0.11/turn              (no ring)

@: slow
A: +LOS, swims, slowness 1, strong legs 1
a: Hop


You were on level 1 of the Dungeon.
You were not hungry.

You visited 1 branch of the dungeon, and saw 2 of its levels.

You collected 81 gold pieces.

Inventory:

Hand Weapons
 a - a +0 flail (weapon)
Missiles
 b - 81 stones (quivered)
Armour
 e - a +0 leather armour (worn)
Jewellery
 i - an uncursed ring of see invisible {unknown}
Scrolls
 g - 4 scrolls of identify {unknown}
 k - a scroll of magic mapping {unknown}
Potions
 c - 2 potions of degeneration {unknown}
 f - a potion of haste {unknown}
 h - a potion of heal wounds {unknown}
 l - a potion of resistance {unknown}
 m - a potion of agility
Comestibles
 d - 6 rations
 j - a chunk of flesh


   Skills:
 + Level 2.4 Fighting
 + Level 3.2 Dodging
 - Level 2.0 Stealth
 - Level 3.0 Spellcasting
 + Level 1.4 Transmutations
 + Level 3.7 Earth Magic


You had 7 spell levels left.
You knew the following spells:

 Your Spells              Type           Power        Failure   Level  Hunger
a - Sandblast             Erth           ##....       6%          1    #......
b - Passwall              Tmut/Erth      #.......     14%         2    ##.....

Your spell library contained the following spells:

 Spells                   Type           Power        Failure   Level  Hunger
 Stone Arrow              Conj/Erth      #.....       36%         3    ###....
 Petrify                  Tmut/Erth      #.......     67%         4    #####..
 Lee's Rapid Deconstruct  Erth           ##........   86%         5    ######.


Dungeon Overview and Level Annotations

Branches:
Dungeon (2/15)

Altars:

Annotations:
D:2 exclusion: 2 adders, Jessica, Robin


Innate Abilities, Weirdness & Mutations

Shadows flee at your approach. (+LOS)
You can swim through water.
You cover ground slowly.
You can hop short distances.


Message History

You see here a +0 club.
You hit the goblin.
You kill the goblin!
You are ready to hop once more.
The hobgoblin no longer looks unusually strong.
You see here a +0 dagger.
The hobgoblin misses you.
Robin roars a battlecry!
The hobgoblin goes into a battle-frenzy!
You see here a +0 dagger.
There is a stone staircase leading up, spattered with blood here.
The hobgoblin no longer looks unusually strong.
The hobgoblin hits you.
* * * LOW HITPOINT WARNING * * *
Robin throws the goblin at you!
* * * LOW HITPOINT WARNING * * *
You climb upwards.
There is a stone staircase leading down here.
You barely miss the hobgoblin. The hobgoblin hits you.
You die...

#.#.######.#.#
#.#.######.#.#
##'#.##.......#
#....##.......#
#....##...)...######
#....######.#......#
##'#...............#
####.########.##.....#
...............g@....#
#############.##.....#
#.##.....# #.##.#####
#.##.#########
#########+#..........#
#####....................#
#........................#
#........................#


You could see a hobgoblin.

Vanquished Creatures
  Natasha (thrice) (D:2)
  An adder (D:2)
  A leopard gecko (D:2)
  5 bats
  3 giant cockroaches (D:1)
  7 goblins
  4 hobgoblins (D:1)
  3 kobolds
  2 frilled lizards (D:2)
  2 rats (D:1)
31 creatures vanquished.

Notes
Turn   | Place    | Note
-------+----------+-------------------------------------------
     0 | D:1      | hazymike the Barachi Earth Elementalist began the quest for
                  | the Orb.
     0 | D:1      | Reached XP level 1. HP: 13/13 MP: 3/3
   294 | D:1      | Reached XP level 2. HP: 18/20 MP: 5/5
   400 | D:1      | HP: 1/20 [hobgoblin/+0 club (2)]
   874 | D:1      | Reached skill level 1 in Fighting
  1396 | D:2      | Noticed Natasha
  1408 | D:2      | Killed Natasha
  1408 | D:2      | Reached XP level 3. HP: 3/27 MP: 1/7
  1786 | D:2      | Noticed Natasha
  2064 | D:2      | Killed Natasha
  2064 | D:2      | Reached XP level 4. HP: 15/33 MP: 0/8
  2346 | D:1      | Learned a level 2 spell: Passwall
  2357 | D:2      | Noticed Natasha
  2510 | D:2      | Killed Natasha
  2830 | D:2      | Noticed Jessica
  2995 | D:2      | Noticed Robin
  3053 | D:2      | Reached XP level 5. HP: 6/39 MP: 9/9
  3065 | D:1      | Slain by a hobgoblin

Levels and vault maps discovered:
D:1:      lightli_arrival_farm, layout_basic
D:2:      layout_loops_ring, uniq_natasha, uniq_jessica, uniq_robin

Skill      XL: |  1  2  3  4 |
---------------+-------------+-----
Stealth        | 2 |  2.0
Fighting       | 1 2 |  2.4
Dodging        | 3 |  3.2
Spellcasting   | 3 |  3.0
Transmutations | |  1.4
Earth Magic    | |  3.7

Action                   |  1- 3 |  4- 6 || total
-------------------------+-------+-------++-------
Melee: Mace              |    46 |       ||    46
       Flail             |     7 |    36 ||    43
Throw: Stone             |     5 |     3 ||     8
 Cast: Sandblast         |    11 |     3 ||    14
 Abil: Hop               |       |     1 ||     1
 Stab: Sleeping          |     3 |       ||     3
  Eat: Chunk             |     3 |     5 ||     8
Armor: Robe              |    12 |       ||    12
       Skin              |    10 |     8 ||    18
       Leather armour    |       |     9 ||     9
Dodge: Dodged            |    42 |    47 ||    89
